 Dungeon Crawl Stone Soup version 0.23.0 (webtiles) character file.

Game seed: 6469489289676913913

84 McKennaii the Skirmisher (level 4, 0/29 HPs)
             Began as a Gargoyle Fighter on Feb 10, 2019.
             Slain by a gnoll
             ... wielding a +0 spear
              (5 damage)
             ... on level 2 of the Dungeon.
             The game lasted 00:02:06 (1324 turns).

McKennaii the Skirmisher (Gargoyle Fighter)         Turns: 1324, Time: 00:02:07

Health: 0/29       AC: 11    Str: 20    XL:     4   Next: 46%
Magic:  4/4        EV:  9    Int:  9    God:
Gold:   83         SH:  9    Dex: 12    Spells: 3/3 levels left

rFire    . . .     SeeInvis .   a - +0 flail
rCold    . . .     Gourm    .   c - +0 shield
rNeg     + . .     Faith    .   b - +0 scale mail
rPois    ∞         Spirit   .   (no helmet)
rElec    +         Reflect  .   k - +0 cloak
rCorr    .         Harm     .   (no gloves)
MR       .....                  (no boots)
Stlth    ..........             (no amulet)
HPRegen  0.09/turn              g - +3 ring of dexterity
MPRegen  0.09/turn              o - +1 ring of evasion

@: no status effects
A: negative energy resistance 1, electricity resistance, unbreathing,
petrification resistance, rot immunity, AC +3
a: no special abilities


You were on level 2 of the Dungeon.
You were hungry.

You visited 1 branch of the dungeon, and saw 2 of its levels.

You collected 83 gold pieces.

Inventory:

Hand Weapons
 a - a +0 flail (weapon)
Armour
 b - a +0 scale mail (worn)
 c - a +0 shield (worn)
 k - a +0 cloak (worn)
Jewellery
 g - a +3 ring of dexterity (left hand)
 o - a +1 ring of evasion (right hand)
Wands
 n - a wand of random effects (10)
Scrolls
 e - a scroll of enchant weapon {unknown}
 h - 2 scrolls of identify {unknown}
 i - a scroll of remove curse {unknown}
 j - 2 scrolls of teleportation {unknown}
 p - a scroll of fear {unknown}
Potions
 d - 2 potions of might
 l - a potion of resistance {unknown}
 m - a potion of brilliance {unknown}
 q - a potion of heal wounds {unknown}
Comestibles
 f - 2 rations


   Skills:
 + Level 3.9 Fighting
 + Level 2.8 Maces & Flails
 + Level 3.8 Armour
 + Level 1.0 Dodging
 + Level 3.9 Shields


You had 3 spell levels left.
You didn't know any spells.
Your spell library was empty.

Dungeon Overview and Level Annotations

Branches:
Dungeon (2/15)

Altars:


Innate Abilities, Weirdness & Mutations

You are resistant to torment.
Your stone body is resilient. (AC +3)
You are immune to poison.
You resist negative energy. (rN+)
You are resistant to electric shocks. (rElec)
You can survive without breathing.
You are immune to petrification.
You are immune to rotting.


Message History

You hit the gnoll but do no damage.
The gnoll hits you but does no damage. x2
The gnoll closely misses you.
You sock the gnoll!
The gnoll is almost dead.
The gnoll hits you but does no damage. You block the gnoll's attack.
The gnoll closely misses you. You block the gnoll's attack.
The gnoll hits you but does no damage.
You hit the gnoll.
You kill the gnoll!
Your Dodging skill increases to level 1!
The gnoll barely misses you. The gnoll hits you but does no damage.
The gnoll hits you but does no damage. The gnoll hits you with a +0 spear!
* * * LOW HITPOINT WARNING * * *
You see here 2 throwing nets.
You closely miss the gnoll. The gnoll hits you but does no damage.
You block the gnoll's attack. The gnoll barely misses you.
You hit the gnoll.
The gnoll is moderately wounded.
The gnoll closely misses you. The gnoll hits you with a +0 spear.
You die...

#.# #........##+#+#..#.......
#.# #........##.#.#..#.......
#.#####........##.#.#.##.......
#..............# ..............
.................#
...#..........
##.#.####........#
#.##.†........ ...#.#
##+####### #.##..#...>...
#..#.# ######.##.†#.....##
...#.# #g@.((....##.#.###
#.##.# #.....gg###.#####.#...
#+# #........ #... ..#####
##......#.###...... #......#..
.###.. #####.## ## # #. ##


You could see 3 gnolls.

Vanquished Creatures
  Jessica (D:2)
  A gnoll (D:2)
  2 dart slugs (D:1)
  3 leopard geckos (D:1)
  A giant cockroach (D:1)
  5 goblins (D:1)
  5 hobgoblins
  3 jackals (D:2)
  A ball python (D:1)
  3 bats (D:1)
  7 frilled lizards
  5 kobolds (D:1)
  9 rats
46 creatures vanquished.

Notes
Turn   | Place    | Note
-------+----------+-------------------------------------------
     0 | D:1      | McKennaii the Gargoyle Fighter began the quest for the Orb.
     0 | D:1      | Reached XP level 1. HP: 14/14 MP: 1/1
   168 | D:1      | Reached XP level 2. HP: 9/19 MP: 2/2
   679 | D:1      | Reached XP level 3. HP: 24/24 MP: 3/3
  1160 | D:2      | Noticed Jessica
  1169 | D:2      | Killed Jessica
  1169 | D:2      | Reached XP level 4. HP: 27/29 MP: 4/4
  1321 | D:2      | Reached skill level 1 in Dodging
  1324 | D:2      | Slain by a gnoll

Skill      XL: |  1  2  3  4 |
---------------+-------------+-----
Dodging        | 1 |  1.0
Fighting       | |  3.9
Maces & Flails | |  2.8
Armour         | |  3.8
Shields        | |  3.9

Action                   |  1- 3 |  4- 6 || total
-------------------------+-------+-------++-------
Melee: Flail             |   121 |    49 ||   170
  Eat: Chunk             |       |     1 ||     1
Armor: Scale mail        |    82 |    49 ||   131
Dodge: Dodged            |    51 |    47 ||    98
Block: Shield            |    80 |    52 ||   132
